 Dungeon Crawl Stone Soup version 0.26-a0-58-g79b31b8662 (webtiles) character file.

Game seed: 17780202993048156391

135864 Apogee the Earth Mage (level 17, -6/93 HPs)
             Began as a Gargoyle Earth Elementalist on June 8, 2020.
             Was the Champion of Vehumet.
             Mangled by a salamander
             ... wielding a +0 glaive
              (14 damage)
             ... on level 1 of the Snake Pit.
             The game lasted 02:42:14 (34740 turns).

Apogee the Earth Mage (GrEE)                       Turns: 34740, Time: 02:42:14

Health: -6/93      AC: 34    Str: 13    XL:     17   Next: 20%
Magic:  5/44       EV: 11    Int: 22    God:    Vehumet [******]
Gold:   2381       SH:  5    Dex: 10    Spells: 1/44 levels left

rFire    . . .     SeeInvis +   a - +1 quarterstaff (elec)
rCold    . . .     Gourm    .   (shield currently unavailable)
rNeg     + . .     Faith    .   S - +0 steam dragon scales
rPois    ∞         Spirit   .   r - +1 helmet {SInv}
rElec    +         Reflect  +   N - +2 cloak
rCorr    .         Harm     .   H - +1 pair of gloves
MR       +....                  z - +2 pair of boots
Stlth    ++........             o - amulet of reflection
HPRegen  0.25/turn              X - +4 ring of protection
MPRegen  0.29/turn              m - ring of magical power

@: mighty, about to teleport, hasted, constricted, very quick
A: big wings, blurry vision 1, negative energy resistance 1, electricity
resistance, unbreathing, petrification resistance, rot immunity, AC +12
a: Fly, Renounce Religion


You were on level 1 of the Snake Pit.
You worshipped Vehumet.
Vehumet was exalted by your worship.
You were not hungry.

You visited 5 branches of the dungeon, and saw 25 of its levels.

You collected 2704 gold pieces.
You spent 323 gold pieces at shops.

Inventory:

Hand Weapons
 a - a +1 quarterstaff of electrocution (weapon)
Missiles
 b - 397 stones (quivered)
 V - 13 curare-tipped darts
Armour
 r - a +1 helmet of see invisible (worn)
 z - a +2 pair of boots (worn)
 H - a +1 pair of gloves (worn)
 N - a +2 cloak (worn)
 S - +0 steam dragon scales (worn)
Jewellery
 e - the ring of Dim Light {EV+4 Int+7 Dex+2 Slay-5 Stlth+}
   (You found it on level 15 of the Dungeon)

   [ring of evasion]

   It affects your evasion (+4).
   It affects your intelligence (+7).
   It affects your dexterity (+2).
   It affects your accuracy and damage with ranged weapons and melee attacks
   (-5).
   It makes you more stealthy.
 m - a ring of magical power (right hand)
 o - an amulet of reflection (around neck)
 t - an uncursed ring of protection from fire
 u - an uncursed ring of fire
 y - an uncursed ring of wizardry
 E - the ring "Pidd" {rN+ MP+9}
   (You found it on level 15 of the Dungeon)

   [ring of magical power]

   It protects you from negative energy.
   It affects your magic capacity (+9).
 I - an uncursed ring of protection from cold
 K - an uncursed amulet of regeneration
 M - an uncursed amulet of magic regeneration
 T - a +6 ring of strength
 X - a +4 ring of protection (left hand)
 Z - an uncursed ring of see invisible
Wands
 l - a wand of paralysis (4)
 q - a wand of polymorph (35)
 C - a wand of acid (5)
 Q - a wand of digging (5)
Scrolls
 c - a scroll of enchant weapon
 h - 7 scrolls of enchant armour
 i - 2 scrolls of identify
 j - 16 scrolls of remove curse
 k - 2 scrolls of magic mapping
 v - 3 scrolls of fog
 w - 10 scrolls of teleportation
 J - 6 scrolls of amnesia
 R - 2 scrolls of vulnerability
 Y - a scroll of blinking
Potions
 n - 2 potions of brilliance
 p - 2 potions of resistance
 s - 2 potions of heal wounds
 x - a potion of cancellation
 A - a potion of haste
 B - 2 potions of might
 O - 5 potions of curing
Miscellaneous
 G - a phantom mirror
Comestibles
 d - 48 rations


   Skills:
 - Level 6.0 Fighting
   Level 6.0(10.7) Maces & Flails
 - Level 13.5(14.0) Staves
 - Level 6.0 Armour
 - Level 6.0 Dodging
 - Level 2.2 Stealth
 + Level 14.3 Spellcasting
 - Level 10.0 Conjurations
 - Level 2.0 Hexes
 - Level 2.0 Translocations
 - Level 4.0 Transmutations
 - Level 2.0 Fire Magic
 + Level 18.0 Earth Magic


You had one spell level left.
You knew the following spells:

 Your Spells              Type           Power        Failure   Level  Hunger
a - Sandblast             Erth           ######       0%          1    None
b - Stone Arrow           Conj/Erth      ######       1%          3    None
c - Petrify               Tmut/Erth      ######..     1%          4    None
d - Lee's Rapid Deconstr  Erth           #######...   1%          5    ###....
e - Tukima's Dance        Hex            ###.....     5%          3    None
f - Ensorcelled Hibernat  Hex/Ice        ###...       4%          2    None
g - Blink                 Tloc           N/A          2%          2    None
h - Dazzling Flash        Conj/Hex       #####.       1%          3    None
i - Iron Shot             Conj/Erth      ######....   1%          6    #####..
j - Bolt of Magma         Conj/Fire/Erth ######....   1%          5    ###....
k - Shatter               Erth           #######...   50%         9    #######

Your spell library contained the following spells:

 Spells                   Type           Power        Failure   Level  Hunger
 Starburst                Conj/Fire      #####.....   13%         6    #####..
 Beastly Appendage        Tmut           ####..       1%          1    None
 Corona                   Hex            ###....      1%          1    None
 Magic Dart               Conj           ####         1%          1    None
 Sting                    Tmut/Pois      ###.         1%          1    None
 Summon Small Mammal      Summ           ###.         4%          1    None
 Passwall                 Tmut/Erth      ######..     1%          2    None
 Sticks to Snakes         Tmut           ####....     1%          2    None
 Conjure Flame            Conj/Fire      #####...     1%          3    None
 Ignite Poison            Fire/Tmut/Pois ###.....     1%          3    None
 Mephitic Cloud           Conj/Pois/Air  ####....     1%          3    None
 Leda's Liquefaction      Hex/Erth       ######....   1%          4    None
 Slow                     Hex            ###.....     2%          2    None
 Iskenderun's Battlesphe  Conj/Chrm      #####...     4%          5    ###....
 Confusing Touch          Hex            ###.....     5%          3    None
 Spider Form              Tmut/Pois      ###.......   5%          3    None
 Call Imp                 Summ           ###.....     6%          2    None
 Corpse Rot               Necr/Air       N/A          6%          2    None
 Poisonous Vapours        Pois/Air       ###...       6%          2    None
 Summon Guardian Golem    Hex/Summ       ###.....     8%          3    None
 Olgreb's Toxic Radiance  Pois           ###.....     11%         4    None
 Call Canine Familiar     Summ           ###.....     12%         3    None
 Orb of Destruction       Conj           ######....   16%         7    ######.
 Ice Form                 Ice/Tmut       ###.....     17%         4    None
 Blade Hands              Tmut           ####......   22%         5    ###....
 Dispel Undead            Necr           ###.....     36%         4    None
 Summon Ice Beast         Ice/Summ       ###.....     36%         4    None
 Summon Lightning Spire   Summ/Air       ###.....     36%         4    None
 Freezing Cloud           Conj/Ice/Air   ####......   36%         6    #####..
 Spellforged Servitor     Conj/Summ      #####.....   69%         7    ######.
 Agony                    Necr           ###.....     73%         5    ###....
 Excruciating Wounds      Chrm/Necr      ###.......   73%         5    ###....
 Ring of Flames           Chrm/Fire      ###.......   100%        7    ######.
 Sublimation of Blood     Necr           Unusable     N/A         2    N/A
 Statue Form              Tmut/Erth      Unusable     N/A         6    N/A

Dungeon Overview and Level Annotations

Branches:
Dungeon (15/15)            Temple (1/1) D:7            Lair (6/6) D:10
  Swamp (0/4) Lair:3        Snake (1/4) Lair:4        Slime (0/5) Lair:6
    Orc (2/2) D:12            Elf (0/3) Orc:2        Vaults (0/5) D:14
 Depths (0/5) D:15

Altars:
Dithmenos
Fedhas
Hepliaklqana
Kikubaaqudgha
Qazlal
Sif Muna
Trog
Uskayaw
Vehumet
Xom
Yredelemnul
Beogh

Shops:
D:5 [   D:7 :   D:11 :   Orc:2 ([:*(:[

Annotations:
D:3 1 runed translucent door, exclusion: door, Crazy Yiuf
D:5 !Pikel, Pikel
D:14 2 runed translucent doors, exclusion: 2 doors, PIKKUHERKKO's ghost, journeyman DsGl
Lair:2 exclusion: 4 oklob plants
Lair:3 exclusion: oklob plant
Lair:6 2 runed translucent doors, exclusion: 2 doors


Innate Abilities, Weirdness & Mutations

You are resistant to torment.
Your stone body is resilient. (AC +12)
You are immune to poison.
Your large and strong wings let you fly indefinitely.
You resist negative energy. (rN+)
You are resistant to electric shocks. (rElec)
You can survive without breathing.
You are immune to petrification.
You are immune to rotting.
Scrolls take you a little longer to read.


Message History

The naga spits poison at you.
The splash of poison hits you but does no damage.
You resist.
The salamander unwields a +3 shortbow of flaming.
It stops flaming.
The salamander hits you but does no damage.
The naga warrior misses you. x2
You sock the naga!
The naga is severely wounded.
The naga completely misses you. The naga grabs you. The naga constricts you.
You sock the salamander!
The salamander is lightly wounded.
A black mamba comes into view.
The naga hits you but does no damage.
You hit the naga.
The naga is almost dead.
The salamander hits you with a +0 glaive!
* * * LOW HITPOINT WARNING * * *
You are engulfed in flames!
You die...

#N#### #.....###
### ##....(.#. #.##
...(....#. #..#
........#. #NN#
###........#.
#@N###.#........#.
##NS....##.N.....((
#.N....[.#.......#.
#........###N#..##.
#.#.....##.. #.>#..
.S###...#.N #.###)
... #...#.######.#.
#.. ###N#§#...#....
... #..N.#.###..##


You could see a naga warrior, 2 salamanders, a naga ritualist, a guardian
serpent, a black mamba and 2 nagas.

Vanquished Creatures
  Rupert (Lair:4)
  A frost giant (D:15)
  An orc warlord (Orc:2)
  Louise (D:15)
  2 entropy weavers (D:13)
  A deep elf annihilator (D:15)
  Azrael (D:15)
  An ettin (D:15)
  4 great orbs of eyes (D:15)
  2 ogre magi (D:15)
  3 yaktaur captains
  2 rakshasas
  4 vault guards (D:15)
  9 hydras
  The ghost of Refen the Thaumaturge, a journeyman HuWz of Vehumet (D:10)
  9 centaur warriors
  8 two-headed ogres
  The ghost of Waer the Cleaver, a journeyman GrFi of Makhleb (D:10)
  A queen ant (D:13)
  9 death yaks
  6 orc high priests
  2 spriggans (D:15)
  A shock serpent (Snake:1)
  Sonja (Orc:2)
  2 naga sharpshooters (Snake:1)
  6 unseen horrors
  A lindwurm (Lair:6)
  6 skeletal warriors
  A wolf spider zombie (D:15)
  2 necromancers (D:15)
  A wizard (D:15)
  5 orc sorcerers
  4 orc knights (Orc:2)
  3 mana vipers (Snake:1)
  9 deep elf magi
  2 ugly things
  A salamander (Snake:1)
  7 cyclopes
  6 elephants (Lair:4)
  11 black mambas
  6 centaur zombies
  3 manticores
  A naga mage (Snake:1)
  7 spiny frogs
  2 kobold demonologists
  A gargoyle (D:13)
  2 molten gargoyles (Lair:6)
  2 yaktaurs (D:14)
  A rime drake (Lair:5)
  12 komodo dragons
  2 freezing wraiths (D:14)
  A tengu conjurer (D:15)
  A queen bee (shapeshifter) (D:15)
  A queen bee (Orc:1)
  3 meliai (D:13)
  6 trolls
  5 blink frogs
  3 slime creatures (D:13)
  2 hornets (D:15)
  8 hippogriffs
  A meliai zombie (D:15)
  A shadow (D:15)
  2 redbacks (Orc:1)
  2 centaur simulacra (D:15)
  57 yaks
  2 tarantellas (Orc:1)
  2 steam dragons (Lair:6)
  9 basilisks
  4 wyverns
  3 fire elementals (D:15)
  Eustachio (D:4)
  6 vampire mosquitoes (D:13)
  2 hungry ghosts
  2 acid dragons
  4 insubstantial wisps (Lair:3)
  6 nagas
  24 soldier ants
  A warg (Orc:2)
  A soldier ant (shapeshifter) (D:15)
  8 hell hounds
  20 water moccasins
  12 porcupines
  A swamp drake (Orc:2)
  43 orc warriors
  8 ice beasts
  6 sky beasts
  2 slaves (D:5)
  4 black bears
  2 phantoms
  17 ogres
  A boggart (D:15)
  24 wolves
  7 centaurs
  14 crocodiles
  3 big kobolds
  19 bullfrogs
  A gnoll sergeant (D:10)
  2 wyvern skeletons
  A water moccasin zombie (D:7)
  2 scorpions
  24 killer bees (Orc:1)
  9 wights
  3 spriggan skeletons (D:14)
  3 electric eels
  5 howler monkeys
  5 crimson imps
  5 lava snakes (Lair:6)
  4 jellies
  3 quasits
  A bullfrog zombie (D:13)
  13 hounds
  13 orc priests
  An iron imp (Orc:2)
  27 orc wizards
  5 bullfrog skeletons
  9 centaur skeletons
  3 iguanas
  32 worker ants
  3 hell rats (Lair:5)
  2 killer bee zombies
  A worker ant zombie (D:5)
  A howler monkey skeleton (D:5)
  15 adders
  7 gnolls
  6 river rats (Lair:5)
  2 shadow imps
  A white imp (Orc:2)
  3 oozes
  An adder zombie (D:4)
  An adder skeleton (D:6)
  5 worms
  5 dart slugs
  7 leopard geckos
  86 orcs
  2 ball pythons
  9 giant cockroaches
  7 goblins
  5 hobgoblins
  20 jackals
  6 quokkas
  8 bats
  5 frilled lizards
  A giant cockroach zombie (D:5)
  22 kobolds
  A leopard gecko skeleton (D:5)
  12 rats
944 creatures vanquished.

Vanquished Creatures (others)
  An orc wizard (D:4)
  An orc (Orc:2)
  10 fungi
  8 plants
20 creatures vanquished.

Grand Total: 964 creatures vanquished

Notes
Turn   | Place    | Note
-------+----------+-------------------------------------------
     0 | D:1      | Apogee the Gargoyle Earth Elementalist began the quest for
                  | the Orb.
     0 | D:1      | Reached XP level 1. HP: 10/10 MP: 3/3
   738 | D:1      | Reached XP level 2. HP: 13/15 MP: 5/5
   827 | D:1      | Reached skill level 4 in Earth Magic
   933 | D:1      | Reached skill level 1 in Maces & Flails
  1278 | D:2      | Noticed a sky beast
  1285 | D:2      | Killed a sky beast
  1285 | D:2      | Reached skill level 5 in Earth Magic
  1285 | D:2      | Reached XP level 3. HP: 7/19 MP: 6/6
  1285 | D:2      | Reached XP level 4. HP: 9/24 MP: 7/7
  1521 | D:2      | Reached XP level 5. HP: 26/28 MP: 8/8
  1732 | D:2      | Learned a level 3 spell: Stone Arrow
  3129 | D:3      | Found a runed translucent door.
  3130 | D:3      | Noticed Crazy Yiuf
  3222 | D:3      | Reached skill level 6 in Earth Magic
  3396 | D:3      | Reached XP level 6. HP: 26/32 MP: 9/9
  3584 | D:3      | Reached skill level 1 in Conjurations
  4616 | D:4      | Reached XP level 7. HP: 26/36 MP: 10/10
  4833 | D:4      | Noticed Eustachio
  4865 | D:4      | Killed Eustachio
  4865 | D:4      | Reached skill level 5 in Maces & Flails
  5369 | D:5      | Entered Level 5 of the Dungeon
  5383 | D:5      | Found Dielev's Armour Emporium.
  5402 | D:5      | Bought a +1 helmet of see invisible for 181 gold pieces
  5624 | D:5      | Reached XP level 8. HP: 41/41 MP: 11/11
  5628 | D:5      | Reached skill level 5 in Conjurations
  5937 | D:5      | Gained mutation: Scrolls take you a little longer to read.
                  | [potion of mutation]
  5937 | D:5      | Gained mutation: Your large and strong wings let you fly
                  | indefinitely. [potion of mutation]
  6347 | D:6      | Reached skill level 7 in Earth Magic
  7116 | D:7      | Reached skill level 8 in Earth Magic
  7116 | D:7      | Reached XP level 9. HP: 45/45 MP: 3/15
  7567 | D:7      | Found Mutagh's Book Boutique.
  7571 | D:7      | Reached skill level 5 in Spellcasting
  7732 | D:7      | Found a staircase to the Ecumenical Temple.
  7733 | D:7      | Found an ancient bone altar of Kikubaaqudgha.
  7738 | Temple   | Entered the Ecumenical Temple
  7756 | Temple   | Became a worshipper of Vehumet
  7818 | D:7      | Reached skill level 9 in Earth Magic
  8159 | D:5      | Noticed Pikel
  8308 | D:8      | Learned a level 4 spell: Petrify
  8314 | D:8      | Learned a level 5 spell: Lee's Rapid Deconstruction
  8422 | D:8      | Reached skill level 1 in Transmutations
  8757 | D:8      | Reached skill level 1 in Staves
  9358 | D:9      | Reached * piety under Vehumet
  9358 | D:9      | Offered knowledge of Foxfire by Vehumet.
  9511 | D:9      | Reached skill level 10 in Earth Magic
  9774 | D:9      | Found a stormy altar of Qazlal.
  9824 | D:9      | Reached XP level 10. HP: 38/50 MP: 18/18
 10469 | D:10     | Entered Level 10 of the Dungeon
 10766 | D:10     | Reached skill level 1 in Fighting
 10847 | D:10     | Reached ** piety under Vehumet
 10884 | D:10     | Learned a level 3 spell: Tukima's Dance
 10980 | D:10     | Offered knowledge of Magic Dart by Vehumet.
 11208 | D:10     | Reached skill level 1 in Hexes
 11251 | D:10     | Found a staircase to the Lair.
 11786 | D:10     | Found a runed translucent gate.
 11787 | D:10     | Found a runed translucent gate.
 11788 | D:10     | Found a runed translucent gate.
 11788 | D:10     | Noticed Waer's ghost (journeyman GrFi)
 11789 | D:10     | Noticed Refen's ghost (journeyman HuWz)
 11875 | Lair:1   | Entered Level 1 of the Lair of Beasts
 11885 | Lair:1   | Reached XP level 11. HP: 61/61 MP: 20/23
 11891 | Lair:1   | Learned a level 2 spell: Ensorcelled Hibernation
 12118 | Lair:1   | Offered knowledge of Mephitic Cloud by Vehumet.
 12282 | Lair:1   | Noticed a six-headed hydra
 12308 | Lair:1   | Killed a six-headed hydra
 13081 | Lair:2   | Found a basalt altar of Yredelemnul.
 13179 | Lair:2   | Reached *** piety under Vehumet
 13299 | Lair:2   | Reached skill level 10 in Spellcasting
 13358 | Lair:2   | You fall into a shaft and drop 1 floor!
 13359 | Lair:3   | Noticed an oklob plant
 13488 | Lair:3   | Offered knowledge of Olgreb's Toxic Radiance by Vehumet.
 13538 | Lair:3   | Reached skill level 5 in Fighting
 13947 | Lair:3   | Learned a level 2 spell: Blink
 14015 | Lair:3   | Reached skill level 11 in Earth Magic
 14061 | Lair:3   | Noticed a death yak
 14061 | Lair:3   | Noticed a death yak
 14077 | Lair:3   | Noticed a death yak
 14077 | Lair:3   | Noticed a death yak
 14344 | Lair:3   | Noticed a death yak
 14512 | Lair:3   | Killed a death yak
 14512 | Lair:3   | Reached skill level 12 in Earth Magic
 14512 | Lair:3   | Reached XP level 12. HP: 47/70 MP: 26/26
 14573 | Lair:3   | Killed a death yak
 14656 | Lair:3   | Killed a death yak
 14771 | Lair:2   | Reached skill level 13 in Earth Magic
 15453 | Lair:3   | Killed a death yak
 15459 | Lair:3   | Killed a death yak
 15610 | Lair:3   | Found a staircase to the Swamp.
 15722 | Lair:4   | Noticed a seven-headed hydra
 15725 | Lair:4   | Noticed a seven-headed hydra
 15819 | D:11     | Reached skill level 14 in Earth Magic
 15836 | D:11     | Reached **** piety under Vehumet
 15874 | D:11     | Reached skill level 1 in Translocations
 15992 | D:11     | Offered knowledge of Hailstorm by Vehumet.
 16289 | D:11     | Reached skill level 5 in Staves
 16429 | D:11     | You fall into a shaft and drop 1 floor!
 16561 | D:12     | Noticed a two-headed ogre
 16797 | D:11     | Found Wieptaum's Book Emporium.
 17311 | D:12     | Found a staircase to the Orcish Mines.
 17352 | D:12     | Noticed a two-headed ogre
 17360 | D:12     | Killed a two-headed ogre
 17559 | D:12     | Killed a two-headed ogre
 17559 | D:12     | Reached XP level 13. HP: 74/74 MP: 27/27
 17562 | D:12     | Found a blossoming altar of Fedhas.
 18026 | D:12     | Learned a level 3 spell: Dazzling Flash
 18320 | D:13     | Reached ***** piety under Vehumet
 18335 | D:13     | Offered knowledge of Sticky Flame by Vehumet.
 18495 | D:13     | Noticed an entropy weaver
 18546 | D:13     | Killed an entropy weaver
 18882 | D:13     | Reached skill level 15 in Earth Magic
 18975 | D:13     | Noticed an entropy weaver
 18983 | D:13     | Killed an entropy weaver
 19589 | D:13     | Learned a level 6 spell: Iron Shot
 20006 | D:13     | Mutation became permanent: Your large and strong wings let
                  | you fly indefinitely. [Gargoyle growth]
 20006 | D:13     | Gained mutation: Your large and strong wings let you fly
                  | indefinitely. [Gargoyle growth]
 20006 | D:13     | Reached XP level 14. HP: 38/80 MP: 29/29
 20639 | D:13     | Offered knowledge of Lightning Bolt by Vehumet.
 20641 | D:13     | Reached skill level 16 in Earth Magic
 20889 | D:10     | Killed Waer's ghost
 20941 | D:10     | Killed Refen's ghost
 21900 | Lair:2   | Learned a level 5 spell: Bolt of Magma
 22275 | Lair:4   | Found a staircase to the Snake Pit.
 22873 | Lair:4   | Noticed Rupert
 23480 | Lair:4   | Got a bloodstained robe
 23632 | Lair:4   | Killed Rupert
 23835 | Lair:4   | Identified the +0 robe of Veitevey {-Tele rF++ rCorr Str+3}
                  | (You found it on level 4 of the Lair of Beasts)
 24416 | Lair:5   | Offered knowledge of Ozocubu's Refrigeration by Vehumet.
 24632 | Lair:6   | Entered Level 6 of the Lair of Beasts
 24682 | Lair:6   | Reached XP level 15. HP: 84/84 MP: 33/33
 24687 | Lair:6   | Reached skill level 1 in Fire Magic
 25077 | Lair:6   | Reached skill level 10 in Conjurations
 25207 | Lair:6   | Reached skill level 1 in Armour
 25240 | Lair:6   | Found a staircase to the Slime Pits.
 25648 | Lair:6   | Found a large runed translucent door.
 25649 | Lair:6   | Found a large runed translucent door.
 25892 | Lair:6   | Got a fine chain mail
 26205 | Lair:6   | Identified the +5 chain mail of Wext {Harm MR+ Int+3} (You
                  | found it on level 6 of the Lair of Beasts)
 26798 | D:14     | Found a runed translucent door.
 26802 | D:14     | Found a runed translucent door.
 26805 | D:14     | Noticed a lich
 26889 | D:14     | Noticed PIKKUHERKKO's ghost (journeyman DsGl)
 27073 | D:14     | Found a gate to the Vaults.
 27076 | D:14     | Reached skill level 5 in Armour
 27837 | D:14     | Reached skill level 5 in Dodging
 28138 | D:15     | Entered Level 15 of the Dungeon
 28281 | D:15     | Noticed Azrael
 28296 | D:15     | Killed Azrael
 28307 | D:15     | Noticed Louise
 28321 | D:15     | Killed Louise
 28334 | D:15     | Paralysed by a great orb of eyes for 5 turns
 28342 | D:15     | Paralysed by a great orb of eyes for 6 turns
 28449 | D:15     | Got a spiked scale mail
 28458 | D:15     | Identified the +1 scale mail of Honour {rElec Dex+5} (You
                  | found it on level 15 of the Dungeon)
 28499 | D:15     | Offered knowledge of Conjure Ball Lightning by Vehumet.
 28504 | D:15     | Found a stormy altar of Qazlal.
 28570 | D:15     | Reached skill level 10 in Staves
 28639 | D:15     | Reached XP level 16. HP: 60/88 MP: 22/34
 28664 | D:15     | Got a translucent steel ring
 28667 | D:15     | Identified the ring "Pidd" {rN+ MP+9} (You found it on
                  | level 15 of the Dungeon)
 29356 | D:15     | Learned a level 9 spell: Shatter
 29374 | D:15     | Found a hazy altar of Hepliaklqana.
 29738 | D:15     | meem: I'm meem, an infobot run by MalcolmRoseGaming: Type
                  | !submeem to keep me in your games; !nomeem to shut me up
                  | forever; !meem for help; !whymeem if you want to know why
                  | meem exists. Visit http://youtube.com/malcolmrosegaming for
                  | more DCSS content.
 29745 | D:15     | Got a crude wooden ring
 29749 | D:15     | Identified the ring of Dim Light {EV+4 Int+7 Dex+2 Slay-5
                  | Stlth+} (You found it on level 15 of the Dungeon)
 30536 | D:15     | Found a staircase to the Depths.
 30548 | D:15     | Got a transparent iron ring
 30551 | D:15     | Identified the cursed ring "Vihod" {MR+ Str-4} (You found
                  | it on level 15 of the Dungeon)
 30576 | D:15     | Found a blossoming altar of Fedhas.
 30905 | Orc:1    | Entered Level 1 of the Orcish Mines
 31368 | Orc:1    | Reached ****** piety under Vehumet
 31469 | Orc:1    | You fall into a shaft and drop 1 floor!
 31469 | Orc:2    | Entered Level 2 of the Orcish Mines
 31485 | Orc:2    | Found Kaafa's Antique Armour Shoppe.
 31488 | Orc:2    | Offered knowledge of Yara's Violent Unravelling by Vehumet.
 31755 | Orc:1    | Reached skill level 17 in Earth Magic
 31922 | Orc:1    | Found a roughly hewn altar of Beogh.
 32791 | Orc:2    | Noticed Sonja
 32796 | Orc:2    | Killed Sonja
 32999 | Orc:2    | Found Boynunk's Book Shoppe.
 33000 | Orc:2    | Found Mysad's General Store.
 33228 | Orc:2    | Reached XP level 17. HP: 93/93 MP: 13/35
 33347 | Orc:2    | Found Dixu's Antique Weapon Shop.
 33399 | Orc:2    | Found Uduabluzo's Antique Weapon Boutique.
 33430 | Orc:2    | Found Motaetre's Book Boutique.
 33549 | Orc:2    | Found a staircase to the Elven Halls.
 33564 | Orc:2    | Offered knowledge of Starburst by Vehumet.
 33604 | Orc:2    | Found Tic Xobu's Antique Armour Shoppe.
 33612 | Orc:2    | Bought a shadowed robe for 142 gold pieces
 33614 | Orc:2    | Identified the cursed +0 robe of Fuzzy Freedom {Str+3} (You
                  | bought it in a shop on level 2 of the Orcish Mines)
 34301 | Snake:1  | Entered Level 1 of the Snake Pit
 34731 | Snake:1  | Reached skill level 18 in Earth Magic
 34740 | Snake:1  | Mangled by a salamander

Illustrated notes

Levels and vault maps discovered:
D:1:      saegor_arrival_simple_b, layout_basic, minmay_cut_off
D:2:      layout_basic
D:3:      layout_loops_corners, uniq_crazy_yiuf_cottage
D:4:      layout_rooms, uniq_eustachio
D:5:      layout_loops_ring, serial_shops, nicolae_shop_waterfront,
          first_ration, uniq_blork_the_orc, uniq_pikel
D:6:      layout_basic
D:7:      layout_cave_pools, kiku_gazebo_pond_becter,
          minmay_temple_entry_butterflies, serial_shops, shop
D:8:      layout_cave_pools, minmay_misc_feat_rows, hangedman_pestilent_swarm
D:9:      layout_basic, grunt_qazlal_sundering
D:10:     layout_cave_pools, erik_lair_island, gammafunk_ghost_cemetery
D:11:     layout_roguey, serial_shops, nicolae_shop_statue_plus
D:12:     wad_crossroads, layout_irregular_city, basic_altar
D:13:     layout_basic, zaba_anthell
D:14:     layout_roguey, david_vaults_2, gauntlet_entry_generic,
          muffindrake_ghost_dual_entry, hangedman_decor_clover_reticule,
          hangedman_tell_no_tales
D:15:     hangedman_spin_cycle, serial_shops, uniq_louise
Temple:   nicolae_temple_the_god_donut
Lair:1:   layout_cave_pods, beast_lair_carwin_11
Lair:2:   dpeg_oklob_gauntlet, layout_cave_pods, basic_altar,
          beast_lair_carwin_9, lemuel_fruit_tree, grunt_megastairs_4,
          serial_bayou_shore_b, minmay_lair_oklob_chamber
Lair:3:   layout_long_grid, minmay_swamp_entry_wisps,
          chequers_serial_rivers_micro_e, serial_bayou_shore_a
Lair:4:   beast_lair_carwin_large_3, layout_misc_corridors,
          minmay_snake_entry_guardpost_small, uniq_rupert
Lair:5:   layout_regular_city, chequers_serial_rivers_large_b,
          kennysheep_abandoned_house
Lair:6:   cheibrodos_lair_end_hotspot, layout_regular_city, slime_dummy
Snake:1:  layout_honeycomb, minmay_shop_star, serial_bayou_shore_b
Orc:1:    nicolae_orc_accident_3, layout_caves, special_room [special_room_bee],
          nicolae_orc_sculptors_studio, kennysheep_orc_chapel
Orc:2:    grunt_orc_gardens, layout_caves, grunt_orc_garden, grunt_orc_garden,
          grunt_orc_garden, grunt_orc_garden, serial_shops, shop,
          nicolae_shop_window_shopping, shop, hangedman_minor_magic, uniq_sonja

Skill      XL: |  1  2  3  4  5  6  7  8  9 10 11 12 13 14 15 16 17 |
---------------+----------------------------------------------------+-----
Earth Magic    | 5 6 8 10 12 14 15 16 17 18 | 18.0
Maces & Flails | 2 3 4 5 6 |  6.0
Conjurations   | 3 4 6 9 10 | 10.0
Spellcasting   | 4 5 8 10 11 14 | 14.3
Transmutations | 2 4 |  4.0
Staves         | 3 4 8 9 10 13 | 13.5
Fighting       | 4 6 |  6.0
Hexes          | 2 |  2.0
Translocations | 2 |  2.0
Fire Magic     | 2 |  2.0
Armour         | 6 |  6.0
Dodging        | 6 |  6.0
Stealth        | |  2.2

Action                   |  1- 3 |  4- 6 |  7- 9 | 10-12 | 13-15 | 16-18 || total
-------------------------+-------+-------+-------+-------+-------+-------++-------
Melee: Whip              |    59 |   265 |   133 |       |       |       ||   457
       Quarterstaff      |       |       |    92 |   458 |   603 |   303 ||  1456
Throw: Stone             |       |     1 |       |     6 |     1 |     3 ||    11
 Cast: Sandblast         |    14 |    47 |    78 |    47 |     2 |     2 ||   190
       Stone Arrow       |       |       |   100 |   222 |   513 |   226 ||  1061
       Lee's Rapid Decon |       |       |     1 |    25 |    45 |    28 ||    99
       Petrify           |       |       |       |     2 |       |       ||     2
       Blink             |       |       |       |       |     1 |     1 ||     2
       Iron Shot         |       |       |       |       |    37 |    65 ||   102
       Bolt of Magma     |       |       |       |       |    22 |    43 ||    65
       Ensorcelled Hiber |       |       |       |       |     3 |       ||     3
 Abil: Fly               |       |       |       |       |     1 |       ||     1
       Stop Flying       |       |       |       |       |       |     1 ||     1
Evoke: Wand              |       |       |       |     3 |       |       ||     3
  Use: Scroll            |       |     7 |     3 |     6 |    11 |     6 ||    33
       Potion            |       |     3 |     3 |     2 |    10 |     4 ||    22
 Stab: Sleeping          |     1 |     9 |     2 |     1 |     3 |     3 ||    19
       Distracted        |       |     3 |       |     1 |       |       ||     4
       Petrified         |       |       |       |     8 |       |       ||     8
  Eat: Chunk             |     1 |    12 |    19 |    28 |    44 |    29 ||   133
       Ration            |       |       |     1 |     1 |     3 |     4 ||     9
Armor: Robe              |    13 |    94 |   145 |   319 |   224 |       ||   795
       Steam dragon scal |       |       |       |       |   143 |   195 ||   338
Dodge: Dodged            |    43 |   158 |   177 |   355 |   362 |   183 ||  1278
Block: Other             |       |       |       |       |       |     6 ||     6

Table legend:
 A = Non-vault XP
 B = Vault XP
 C = Vault XP percentage of total XP
 D = Non-vault monster count
 E = Vault monster count
 F = Vault count percentage of total count
                 A         B        C        D         E       F
            +---------+---------+-------+---------+---------+-------
      Total |   95052 |   99040 |  51.0 |     617 |     326 |  34.6
            +---------+---------+-------+---------+---------+-------
        D:1 |      17 |      13 |  43.3 |      10 |       6 |  37.5
        D:2 |     191 |       0 |   0.0 |      26 |       0 |   0.0
        D:3 |     179 |       0 |   0.0 |      38 |       0 |   0.0
        D:4 |     354 |     188 |  34.7 |      20 |       1 |   4.8
        D:5 |     464 |       0 |   0.0 |      21 |       0 |   0.0
        D:6 |     801 |       0 |   0.0 |      15 |       0 |   0.0
        D:7 |    1106 |       0 |   0.0 |      30 |       0 |   0.0
        D:8 |     407 |     334 |  45.1 |       8 |       4 |  33.3
        D:9 |     919 |       0 |   0.0 |      20 |       0 |   0.0
       D:10 |    3228 |    2653 |  45.1 |      43 |      10 |  18.9
       D:11 |    4331 |       0 |   0.0 |      36 |       0 |   0.0
       D:12 |    6904 |     314 |   4.4 |      34 |       4 |  10.5
       D:13 |   13580 |    7776 |  36.4 |      42 |      46 |  52.3
       D:14 |   10158 |    2945 |  22.5 |      28 |      10 |  26.3
       D:15 |     491 |   47064 |  99.0 |       2 |      81 |  97.6
     Lair:1 |    2323 |     371 |  13.8 |      11 |       3 |  21.4
     Lair:2 |    4721 |    2338 |  33.1 |      24 |      11 |  31.4
     Lair:3 |    7957 |     847 |   9.6 |      27 |       5 |  15.6
     Lair:4 |   10806 |    8332 |  43.5 |      39 |      14 |  26.4
     Lair:5 |    4121 |    1139 |  21.7 |      19 |      16 |  45.7
     Lair:6 |    8279 |    6885 |  45.4 |      27 |      28 |  50.9
    Snake:1 |    7324 |       0 |   0.0 |      14 |       0 |   0.0
      Orc:1 |    3608 |    4360 |  54.7 |      47 |      43 |  47.8
      Orc:2 |    2783 |   13481 |  82.9 |      36 |      44 |  55.0
            +---------+---------+-------+---------+---------+-------
